 Dungeon Crawl Stone Soup version 0.25.1-2-g60ff931df9 (webtiles) character file.

Game seed: 16087739838231477042

102 funkygono the Skirmisher (level 4, 0/41 HPs)
             Began as a Hill Orc Fighter on Nov 29, 2020.
             Was an Initiate of Okawaru.
             Slain by a kobold (1 damage)
             ... on level 3 of the Dungeon.
             The game lasted 00:04:01 (2059 turns).

funkygono the Skirmisher (Hill Orc Fighter)         Turns: 2059, Time: 00:04:02

Health: 0/41       AC: 11    Str: 19    XL:     4   Next: 78%
Magic:  4/4        EV:  3    Int:  8    God:    Okawaru [......]
Gold:   125        SH: 10    Dex: 10    Spells: 3/3 levels left

rFire    . . .     SeeInvis .   a - +0 war axe
rCold    . . .     Gourm    .   c - +1 kite shield
rNeg     . . .     Faith    .   s - +0 plate armour
rPois    .         Spirit   .   (no helmet)
rElec    .         Reflect  .   (no cloak)
rCorr    .         Harm     .   (no gloves)
MR       .....                  (no boots)
Stlth    ..........             (no amulet)
HPRegen  0.13/turn              (no ring)
MPRegen  0.09/turn              (no ring)

@: lethally poisoned (0 -> -26), slowed, very slow
A: no striking features
a: Renounce Religion


You were on level 3 of the Dungeon.
You worshipped Okawaru.
Okawaru was noncommittal.
You were not hungry.

You visited 1 branch of the dungeon, and saw 3 of its levels.

You collected 125 gold pieces.

Inventory:

Hand Weapons
 a - a +0 war axe (weapon)
 o - a +3 falchion of electrocution
Missiles
 h - 46 bolts
 k - 38 sling bullets
Armour
 b - a +0 scale mail
 c - a +1 kite shield (worn)
 s - a +0 plate armour (worn)
Scrolls
 e - 2 scrolls of identify
Potions
 d - 2 potions of might
 g - a potion of curing
 j - a potion of lignification
 l - a potion of invisibility
 n - 2 potions of brilliance
 q - a potion of heal wounds {unknown}
 r - a potion of flight {unknown}
Comestibles
 f - 4 rations
 m - a chunk of flesh


   Skills:
 + Level 4.3 Fighting
 + Level 4.3 Axes
 + Level 3.8 Armour
 + Level 0.4 Dodging
 + Level 3.9 Shields


You had 3 spell levels left.
You didn't know any spells.
Your spell library was empty.

Dungeon Overview and Level Annotations

Branches:
Dungeon (3/15)

Altars:
Okawaru
Wu Jian


Message History

You feel as though you will be slow longer.
You feel very sick.
The kobold throws a curare-tipped dart.
The curare-tipped dart hits you.
You are lethally poisoned!
You have difficulty breathing.
You feel as though you will be slow longer.
You see here a curare-tipped dart.
* * * LOW HITPOINT WARNING * * *
You feel very sick. You block the kobold's attack.
You closely miss the kobold.
* * * LOW HITPOINT WARNING * * *
You feel very sick. The kobold barely misses you. The kobold hits you.
* * * LOW HITPOINT WARNING * * *
You barely miss the kobold.
* * * LOW HITPOINT WARNING * * *
You feel very sick. The kobold hits you.
You die...

##### ..... .....
##.... . #.
#######.... .. #.
###.......###.###
#..#................
#.#........(.(@K......
.)....###.###.........
#........# #.........
##...#...## #.........
.
#......#.#####.##.####
.##..............# .#
....##...........# #
....##..........##
..#.##..........#


You could see a kobold.

Vanquished Creatures
  Terence (D:2)
  3 adders
  2 worms (D:2)
  2 leopard geckos
  7 bats
  A giant cockroach (D:2)
  4 goblins
  4 hobgoblins
  5 jackals (D:1)
  5 kobolds
  A quokka (D:2)
  5 frilled lizards
  3 rats
43 creatures vanquished.

Notes
Turn   | Place    | Note
-------+----------+-------------------------------------------
     0 | D:1      | funkygono the Hill Orc Fighter began the quest for the Orb.
     0 | D:1      | Reached XP level 1. HP: 19/19 MP: 1/1
   163 | D:1      | Reached XP level 2. HP: 27/27 MP: 2/2
   871 | D:2      | Reached XP level 3. HP: 33/33 MP: 3/3
  1271 | D:2      | Reached XP level 4. HP: 39/40 MP: 4/4
  1286 | D:2      | Noticed Terence
  1290 | D:2      | Killed Terence
  1626 | D:2      | Found an iron altar of Okawaru.
  1626 | D:2      | Found an ornate altar of the Wu Jian Council.
  1690 | D:2      | Became a worshipper of Warmaster Okawaru
  2059 | D:3      | HP: 1/41 [poisoned by kobold (curare-tipped dart)]
  2059 | D:3      | Slain by a kobold

Illustrated notes

Levels and vault maps discovered:
D:1:      evilmike_arrival_crescent, layout_loops_ring
D:2:      layout_rooms, gammafunk_temple_overflow_statue, uniq_terence
D:3:      layout_rooms

Skill      XL: |  1  2  3  4 |
---------------+-------------+-----
Fighting       | 4 |  4.3
Axes           | 3 4 |  4.3
Armour         | |  3.8
Dodging        | |  0.4
Shields        | |  3.9

Action                   |  1- 3 |  4- 6 || total
-------------------------+-------+-------++-------
Melee: War axe           |   118 |    34 ||   152
  Use: Scroll            |     7 |     3 ||    10
  Eat: Chunk             |     1 |     3 ||     4
Armor: Scale mail        |    56 |     5 ||    61
       Plate armour      |       |    10 ||    10
Dodge: Dodged            |    41 |    12 ||    53
Block: Kite shield       |    82 |    19 ||   101
